Cogmind - Beta 14 @@@ ROGUE MODE // 2024.09.11 @ 03:30:26 Player: Brimble Result: Destroyed by Y-45 Defender with Heavy Assault Rifle Performance ------------- Evolutions (1) 500 Regions Visited (2) 400 Robots Destroyed (12) 60 Value Destroyed (317) 317 Prototype IDs (4) 80 Alien Tech Used (0) 0 Bonus (0) 0 TOTAL SCORE: 1357 Bonus ------- None Cogmind --------- Core Integrity 0/400 Matter 215/300 Energy 85/100 System Corruption 0% Temperature Cool (9) Movement Core (50) Location -9/Materials Parts ------- > --- POWER (1) -------- (None) > --- PROPULSION (3) --- (None) > --- UTILITY (3) ------ (None) > --- WEAPON (2) ------- (None) > --- INVENTORY (5) ---- ECM Suite Mining Laser Peak State ------------ > --- POWER ------------ Improved Ion Engine > --- PROPULSION ------- Aluminum Leg Aluminum Leg > --- UTILITY ---------- Small Storage Unit Sensor Array Signal Interpreter > --- WEAPON ----------- Beam Rifle Rocket Launcher > --- INVENTORY -------- Ion Engine Ion Engine Compact Wheel Compact Wheel ECM Suite Medium Laser Assault Rifle Mining Laser [Rating: 11] Favorites ----------- Power Ion Engine Engine Ion Engine Propulsion Aluminum Leg Leg Aluminum Leg Flight Unit VTOL Module Utility Small Storage Unit Device Sensor Array Storage Small Storage Unit Processor Signal Interpreter Protection Light Armor Plating Weapon Assault Rifle Energy Gun Small Laser Ballistic Gun Assault Rifle Ballistic Cannon Light Cannon Launcher Rocket Launcher Build | -11 -10 -9 ------- Run | Yrd Mat Mat Slots Evolved 2 | . . 2 Power . | . . . Propulsion 1 | . . 1 Utility 1 | . . 1 Weapon . | . . . Parts Attached 25 | 6 6 13 Power 4 | 1 . 3 Engine 4 | 1 . 3 Core . | . . . Reactor . | . . . Propulsion 5 | 2 . 3 Treads . | . . . Leg 2 | 2 . . Wheel . | . . . Hover . | . . . Flight 3 | . . 3 Utility 5 | 1 3 1 Device 2 | . 1 1 Storage 1 | 1 . . Processor 1 | . 1 . Hackware . | . . . Protection 1 | . 1 . Artifact . | . . . Weapon 11 | 2 3 6 Energy Gun 4 | 1 1 2 Energy Cannon . | . . . Ballistic Gun 3 | 1 1 1 Ballistic Cannon 1 | . . 1 Launcher 3 | . 1 2 Special Weapon . | . . . Impact Weapon . | . . . Slashing Weapon . | . . . Piercing Weapon . | . . . Special Melee Weapon . | . . . Unidentified Prototypes . | . . . Parts Lost 10 | . 1 9 Power 2 | . . 2 Propulsion 5 | . . 5 Utility 3 | . 1 2 Weapon . | . . . Highest Loss Streak 9 | . 1 9 To Critical Strikes . | . . . Average Slot Usage (%) 92 | . 97 80 Engine 13 | . 14 10 Leg 25 | . 28 20 Device 3 | . 1 7 Storage 13 | . 14 10 Processor 3 | . 1 10 Protection 5 | . 8 . Energy Gun 12 | . 14 9 Ballistic Gun 12 | . 13 7 Peak Build Rating 11 | 6 8 11 Average Rating 6 | 4 6 8 On Entrance 4 | . 6 7 Naked Turns 8 | . . 8 Heaviest Build 20 | 13 19 20 Greatest Support 20 | 20 20 20 Greatest Overweight (x) 3 | 1 . 3 Average Overweight (x) . | . . . Largest Inventory Capacity 8 | 8 8 8 Average Capacity 7 | 7 8 7 Most Carried 8 | 5 8 8 Average Carried 6 | 3 6 6 Final Capacity 8 | 8 8 5 Final Carried 7 | 5 7 2 Class Distribution -------------------- 91% | Mutant 8% | Scavenger-Mutant Dominant Class ---------------- Mutant | -10/Materials Mutant | -9/Materials Resources | -11 -10 -9 ----------- Run | Yrd Mat Mat Matter Collected 492 | 269 103 120 Remotely . | . . . Salvage Created 408 | 56 143 209 Parts 24 | 2 11 11 Haulers Intercepted 1 | . 1 . Recyclers Shooed 1 | . 1 . Parts Field Recycled . | . . . Retrieved Matter . | . . . Parts Self-Destructed . | . . . Prevented . | . . . Kills | -11 -10 -9 ------- Run | Yrd Mat Mat Combat Hostiles Destroyed 7 | . 2 5 Guns 4 | . 1 3 AOE 3 | . 1 2 Classes Destroyed 7 | 1 3 3 Worker 1 | . . 1 Hauler 1 | . 1 . Recycler 2 | 1 . 1 Watcher 1 | . 1 . Grunt 4 | . 2 2 Duelist 1 | . . 1 Sentry 2 | . . 2 Best Kill Streak 3 | 1 2 3 Combat Bots Only 2 | . 2 2 Max Kills in Single Turn 1 | 1 1 1 Gunslinging . | . . . Exploded 1 | . 1 1 Melee . | . . . Uniques/NPCs Destroyed . | . . . Combat | -11 -10 -9 -------- Run | Yrd Mat Mat Hostile Shots Fired 161 | . 18 143 Missed 57 | . 8 49 Damage Taken 1233 | . 175 1058 Core 404 | . . 404 Absorbed by Shields . | . . . Core Remaining (%) 100 | 100 100 . Volleys Fired 31 | 3 13 15 Largest 2 | 2 2 2 Hottest 91 | 60 83 91 Shots Fired 62 | 6 26 30 Gun 50 | 6 23 21 Cannon 2 | . . 2 Launcher 10 | . 3 7 Special . | . . . Kinetic 24 | 3 10 11 Thermal 28 | 3 13 12 Explosive 10 | . 3 7 Electromagnetic . | . . . Robot Hit Streak 10 | 2 4 10 Robot Miss Streak 5 | 1 5 2 Penetration Max . | . . . Secondary Targets . | . . . Shots Hit Robots 36 | 3 12 21 Core Hits 26 | 4 9 13 Critical Kills . | . . . Critical Parts Destroyed . | . . . Critical Strikes . | . . . Melee Attacks . | . . . Impact . | . . . Slashing . | . . . Piercing . | . . . Sneak Attacks . | . . . Combat Hostiles . | . . . Follow-up Attacks . | . . . Damage Inflicted 936 | 57 304 575 Guns 369 | 47 141 181 Cannons 31 | . . 31 Explosions 519 | . 160 359 Melee . | . . . Ramming 17 | 10 3 4 Kinetic 196 | 25 40 131 Thermal 204 | 22 101 81 Explosive 519 | . 160 359 Electromagnetic . | . . . Impact . | . . . Slashing . | . . . Piercing . | . . . Highest Corruption . | . . . Average Corruption . | . . . Corruption Purged . | . . . Corruption Blocked . | . . . Overload Shots . | . . . Overflow Damage 10 | . 3 7 Projectiles . | . . . Explosions 10 | . 3 7 Melee . | . . . Knockbacks 1 | . . 1 Impact . | . . . Kinetic 1 | . . 1 Secondary . | . . . Self-Inflicted Damage 28 | . 28 . Shots 1 | . 1 . Rammed . | . . . Targets Rammed 5 | 3 1 1 Kicked 5 | 3 1 1 Crushed . | . . . Highest Temperature 154 | . 154 120 Average Temperature 50 | . 63 35 Received Heat Transfer 360 | . 81 279 Siege Activations . | . . . Robots Corrupted . | . . . Combat Hostiles . | . . . Parts Fried . | . . . Impact Corruptions . | . . . Robots Melted . | . . . Combat Hostiles . | . . . Parts Melted . | . . . Heat Transferred 556 | 50 284 222 Parts Sabotaged . | . . . Parts Stolen . | . . . Parts Stripped . | . . . Power Chain Reactions . | . . . Alert | -11 -10 -9 ------- Run | Yrd Mat Mat Peak Influence 285 | 5 141 285 Initial 59 | . 3 59 Average 80 | 3 50 187 Maximum Alert Level 1 | . . 1 Low Security (%) 87 | 100 100 48 Level 1 12 | . . 51 Level 2 . | . . . Level 3 . | . . . Level 4 . | . . . Level 5 . | . . . High Security . | . . . Max Security . | . . . Squads Dispatched 2 | . 1 1 Investigation . | . . . Extermination . | . . . Reinforcement 2 | . 1 1 Assault . | . . . Garrison . | . . . Intercept . | . . . Searches Triggered . | . . . Construction Impeded . | . . . Haulers Reinforced . | . . . Active Scanning Responses . | . . . Cargo Convoy Interrupts . | . . . Stealth | -11 -10 -9 --------- Run | Yrd Mat Mat Distress Signals 2 | . . 2 Communications Jammed . | . . . Distress Signals . | . . . Times Spotted 24 | . 8 16 Peak Tracking Total 13 | . 3 13 Tactical Retreats 1 | . 1 . Traps | -11 -10 -9 ------- Run | Yrd Mat Mat Traps Triggered . | . . . Indirectly . | . . . Trap Hack Attempts . | . . . Triggered . | . . . Disarmed . | . . . Reprogrammed . | . . . Reused . | . . . Traps Extracted . | . . . Installed . | . . . Triggered . | . . . Machines | -11 -10 -9 ---------- Run | Yrd Mat Mat Machines Disabled . | . . . Max in Single Turn . | . . . Machines Repaired . | . . . Machines Dismantled . | . . . Machines Sabotaged . | . . . Overloaded Fab Kills . | . . . Hacking | -11 -10 -9 --------- Run | Yrd Mat Mat Machines Accessed 7 | . 6 1 Terminals 6 | . 5 1 Fabricators . | . . . Repair Stations . | . . . Recycling Units 1 | . 1 . Scanalyzers . | . . . Garrison Access . | . . . Total Hacks 17 | . 13 4 Successful 15 | . 11 4 Failed 2 | . 2 . Catastrophic . | . . . Database Lockouts . | . . . Manual . | . . . Terminals 15 | . 11 4 Fabricators . | . . . Repair Stations . | . . . Recycling Units 2 | . 2 . Scanalyzers . | . . . Garrison Access . | . . . Terminal Hacks 13 | . 9 4 Record 2 | . . 2 Prototype ID Bank 2 | . 2 . Emergency Access Points 1 | . 1 . Terminal Index 1 | . 1 . Alert Level 1 | . 1 . Locate Traps 2 | . 2 . Dispatch Records 1 | . . 1 Maintenance Status 1 | . 1 . Hauler Manifests 1 | . 1 . Zone Layout 1 | . . 1 Fabricator Hacks . | . . . Repair Station Hacks . | . . . Recycling Unit Hacks 2 | . 2 . Report Inventory 1 | . 1 . Retrieve Components 1 | . 1 . Scanalyzer . | . . . Garrison Access Hacks . | . . . Unauthorized Hacks . | . . . Terminals . | . . . Fabricators . | . . . Repair Stations . | . . . Recycling Units . | . . . Scanalyzers . | . . . Garrison Access . | . . . Data Cores Recovered . | . . . Used . | . . . Hacking Detections 3 | . 2 1 Full Trace Events . | . . . Feedback Events . | . . . Feedback Blocked . | . . . Robot Schematics Acquired . | . . . Robots Built . | . . . Authchips . | . . . Time . | . . . Total Robot Build Rating . | . . . Part Schematics Acquired . | . . . Parts Built . | . . . Authchips . | . . . Time . | . . . Total Part Build Rating . | . . . Parts Repaired . | . . . Time . | . . . Parts Recycled . | . . . Recycled Matter . | . . . Retrieved Matter . | . . . Retrieved Components 2 | . 2 . Parts Scanalyzed . | . . . Part Schematics Acquired . | . . . Parts Damaged . | . . . Bothacking | -11 -10 -9 ------------ Run | Yrd Mat Mat Used RIF Installer . | . . . Robots Hacked . | . . . Non-combat . | . . . Combat . | . . . Robot Hacks Applied . | . . . Relay Couplers Released . | . . . Fabnet Peak Effective % . | . . . Robots Rewired . | . . . Allies Hacked . | . . . Hacks Repelled . | . . . Allies | -11 -10 -9 -------- Run | Yrd Mat Mat Total Allies . | . . . Largest Group . | . . . Highest-Rated Group . | . . . Highest-Rated Ally . | . . . Total Orders . | . . . Ally Attacks . | . . . Total Damage . | . . . Kills . | . . . Allies Corrupted . | . . . Allies Melted . | . . . Intel | -11 -10 -9 ------- Run | Yrd Mat Mat Robot Analysis Total . | . . . Derelict Logs Recovered . | . . . Drone Launches . | . . . Drone Recoveries . | . . . Exploration | -11 -10 -9 ------------- Run | Yrd Mat Mat Turns Passed 1117 | 108 728 281 Spaces Moved 714 | 66 483 165 Core 34 | 17 . 17 Treads . | . . . Legs 676 | 49 483 144 Wheels . | . . . Hover . | . . . Flight 4 | . . 4 Fastest Speed 35 | 50 120 35 Average Speed 117 | 111 120 113 Slowest Speed 200 | 120 120 200 Overloaded Moves . | . . . Propulsion Burnouts . | . . . Robots Hopped . | . . . Cave-ins Triggered . | . . . Exploration Rate (%) 30 | 4 67 21 Regions Visited 2 Branch Regions . Pre-discovered Areas . | . . . Known Exits Taken 1 | . 1 . Unknown Exits Taken 1 | 1 . . Scrap Searched . | . . . Spaces Dug . | . . . Terrain Destroyed 72 | . 27 45 Melee . | . . . Projectile . | . . . AOE 72 | . 27 45 Terrain Rammed . | . . . Walls Destroyed . | . . . Machines Disabled . | . . . Actions | -11 -10 -9 --------- Run | Yrd Mat Mat Total 928 | 93 605 230 Wait 113 | 5 89 19 Move 713 | 66 482 165 Hop . | . . . Pick Up 27 | 11 9 7 Fast Attach . | . . . Attach 15 | 6 2 7 Detach . | . . . Swap 10 | . 4 6 Drop 15 | . 5 10 Fire 31 | 3 13 15 Melee . | . . . Ram . | . . . Kick 4 | 2 1 1 Crush . | . . . Escape Stasis . | . . . Rewire . | . . . Trap . | . . . Miscellaneous . | . . . Route ------- -11/Scrapyard -10/Materials (discovered 2 exits: *Mat / [*Min]) -9/Materials (discovered 1 exit: *Min) History --------- Turn | Location | Event 17 | -11/Scrapyard | Discovered new exit (range 14) 109 | -11/Scrapyard | Entered Materials 305 | -10/Materials | Build established: Mutant 440 | -10/Materials | Discovered new exit (range 7) 760 | -10/Materials | Discovered new exit (range 9) 770 | -10/Materials | Identified exit to Materials 837 | -10/Materials | Entered another Materials area 837 | -9/Materials | Evolved 2 slots: Propulsion x1, Utility x1 1070 | -9/Materials | Discovered new exit (range 3) 1072 | -9/Materials | Identified exit to Mines 1101 | -9/Materials | Core integrity fell below 50% 1108 | -9/Materials | Core integrity fell below 20% 1118 | -9/Materials | Destroyed by Y-45 Defender with Heavy Assault Rifle Last Messages --------------- 01097_ Dropped Beam Rifle. 01098_ Dropped Lgt. Cannon. 01098_ Dropped Rocket Launcher. 01099_ Dropped Med. Laser. 01099_ C-30 ARC bursts open, deploying its payload. 01099_ S-10 Pest unfolds itself. 01100_ Critical hit (Burn: +37). 01101_ Ion Engine destroyed. 01101_ Acquired VTOL Module. 01104_ R-06 Scavenger destroyed. 01104_ Sensor Array destroyed. 01105_ VTOL Module destroyed. 01105_ Signal Interpreter destroyed. 01105_ Dropped Sml. Storage Unit. 01107_ Acquired VTOL Module. 01107_ VTOL Module destroyed. 01109_ Dropped Ion Engine. 01110_ VTOL Module destroyed. 01112_ K-01 Serf collects debris. Map ----- +----------------------------------------------------+ | ????????????# [ ! | | ????????????# | | ????????????#############+######## ## # | | ????????????????????# #??## | | ????????????????????# #???### | | ????????????????????# #??####### | | ????????????????????# #??# + | | ????????????????????###########??# #### | | ????????????????????????????????## ##?# | | ????????????????????????????????# #### | | ????????????????????????????????# > | | ????????????????????????????????# #### | | ????????????????????????????????## ##### | | ?????????????????????????????????# # * | | ???????????????????????????####### # | | ???????????????????????????+ + """ | | ???????????????????????????# ^ # """ | | ?????????????????????????### #??"" | | ?????????????????????????# #???? | | ?????????????????????????# #???? | | ?????????????????????????# == #???? | | ?????????????????????????# == #???? | | ?????????????????????????# == #???? | | ????????????############### #???? | | ????????????# s s # ]=[ #???? | | ????????????#!!@ """ """ " [[= #???? | | ????????????#!== """ """ # *!] #???? | | ????????????#!== """ """ # * #???? | | ????????????#Y # =%=#???? | | ???????????# # #???? | | ???????????################ #???? | | ??????????????????????????###### #???? | | ???????????????????????????????# #???? | | ??????????????????????????????? #??? | | ??????????????????????????????? ?? | | ??????????????????????????????? T ?? | | ??????????????????????????????? " ? | | ??????????????????????????????? "%"##+# | | ???????????????????????????????# "##??? | | ???????????????????????????????? #???? | | ???????????????????????????????? ?#???? | | ???????????????????????????????? ?????? | | ???????????????????????????????????????? | | ???????????????????????????????????????? | | ???????????????????????????????????????? | | ???????????????????????????????????????? | | ???????????????????????????????????????? | | ???????????????????????????????????????? | | ???????????????????????????????????????? | | ???????????????????????????????????????? | +----------------------------------------------------+ Best States ------------- Heat Dissipation 28 Energy Generation 12 Energy Capacity 265 Matter Stores 300 Matter Capacity 300 Sight Range 16 Robot Scan Range 14 Terrain Scan Density 10 Armor Coverage 150 Evasion (%) 55 Item Schematics ----------------- None Robot Schematics ------------------ None Fabricated ------------ Nothing Alien Tech Used ----------------- None Achievements -------------- Shopping List Challenges ------------ None Game ------ Seed CryofiberLightpackPick Manual? 0 Play Time 00:24:11 Cumulative 10.3 hours Start 2024.09.11 @ 01:32:23 End 2024.09.11 @ 03:30:26 Sessions 3 Manual Loads 0 Difficulty Rogue Special Mode None Game No. 6 Rogue 6 Adventurer 0 Explorer 0 Win Type - Total 0 Types 0/0/0/0/0/0/0/0/0 Lore% 9 Gallery% 13 Achievement% 17 Wizard Run 0 Options --------- Layout 1 ASCII 0 Keyboard 0 Movement Numpad Keybinds 0 Fullscreen 1 Font 24/Smallcaps Map View 50x40 Zoom Use 0% Tactical HUD 1 Map Filters NONE Filters NONE Steam 1 RUN: 318c0e37-16a7-4dae-9a1e-8e1c228fd9dc